 Dungeon Crawl Stone Soup version 0.30-a0-534-gdc55766716 (webtiles) character file.

Game seed: 15853079834358134381

508 arthad the Digger (level 7, -1/46 HPs)
             Began as a Formicid Earth Elementalist on Dec 24, 2022.
             Was a Priest of Cheibriados.
             Succumbed to a water moccasin's poison
             ... on level 4 of the Dungeon.
             The game lasted 00:13:13 (2991 turns).

arthad the Digger (Formicid Earth Elementalist)     Turns: 2991, Time: 00:13:14

Health: -1/46      AC:  3    Str: 20 (21) XL:     7   Next: 42%
Magic:  12/12      EV: 13    Int: 23 (24) God:    Cheibriados [***...]
Gold:   30         SH:  0    Dex: 21 (22) Spells: 9/13 levels left

rFire   . . .      SeeInvis +    (no weapon)
rCold   + . .      Faith    .    (no shield)
rNeg    . . .      Spirit   .    D - +1 robe "Raffiecwi" {Slay+3 Archmagi}
rPois   .          Reflect  .    (helmet unavailable)
rElec   .          Harm     .    (no cloak)
rCorr   .          Rampage  .    (no gloves)
Will    .....      Archmagi +    (no boots)
Stlth   +++                      (no amulet)
HPRegen 0.27/turn                k - ring of protection from cold
MPRegen 0.13/turn                (no ring)

@: lethally poisoned (-1 -> -25), very slow
A: permanent stasis, dig shafts and tunnels, antennae 3, four strong arms
a: Dig, Shaft Self, Renounce Religion, Bend Time, Temporal Distortion


You were on level 4 of the Dungeon.
You worshipped Cheibriados.
Cheibriados was most pleased with you.
You visited 1 branch of the dungeon, and saw 5 of its levels.

You collected 254 gold pieces.
You spent 224 gold pieces at shops.

Inventory:

Missiles
 t - 8 poisoned darts
 u - a boomerang of dispersal
 C - 6 javelins
Armour
 a - a +0 robe
 D - the +1 robe "Raffiecwi" (worn) {Slay+3 Archmagi}
   (You bought it in a shop on level 2 of the Dungeon)

   Slay:      It affects your accuracy & damage with ranged weapons and melee
   (+3).
   Archmagi:  It increases the power of your magical spells.
Jewellery
 k - a ring of protection from cold (left hand)
Wands
 z - a wand of quicksilver (9)
 A - a wand of charming (19)
Scrolls
 c - 2 scrolls of vulnerability
 f - 2 scrolls of poison {unknown}
 i - a scroll of blinking {unknown}
 l - 2 scrolls of fog {unknown}
 m - a scroll of immolation {unknown}
 n - 2 scrolls of magic mapping {unknown}
 o - a scroll of noise {unknown}
 q - 2 scrolls of teleportation
 r - 3 scrolls of identify {unknown}
 s - a scroll of enchant weapon {unknown}
 x - a scroll of acquirement {unknown}
 y - a scroll of brand weapon {unknown}
Potions
 b - a potion of magic
 d - a potion of lignification {unknown}
 e - 2 potions of haste {unknown}
 g - 3 potions of degeneration
 h - a potion of mutation {unknown}
 j - a potion of attraction {unknown}
 p - a potion of heal wounds {unknown}
 v - 2 potions of curing
 w - 2 potions of flight {unknown}
 B - a potion of might {unknown}


   Skills:
 + Level 2.5 Dodging
 + Level 3.7 Stealth
 * Level 3.9 Spellcasting
 * Level 2.8 Conjurations
 + Level 2.5 Transmutations
 * Level 5.4 Earth Magic
 + Level 2.3 Invocations


You had 9 spell levels left.
You knew the following spells:

 Your Spells              Type           Power      Damage    Failure   Level
a - Sandblast             Erth           88%        2d18      1%          1
b - Stone Arrow           Conj/Erth      70%        3d11      6%          3

Your spell library contained the following spells:

 Spells                   Type           Power      Damage    Failure   Level
 Passwall                 Tmut/Erth      28%        N/A       3%          2
 Sublimation of Blood     Necr           6%         N/A       16%         2
 Dazzling Flash           Conj/Hex       32%        N/A       19%         3
 Petrify                  Tmut/Erth      34%        N/A       21%         4
 Iskenderun's Mystic Bla  Conj/Tloc      16%        2d5       52%         4
 Irradiate                Conj/Tmut      12%        3d15      67%         5
 Starburst                Conj/Fire      8%         6d4       100%        6


Dungeon Overview and Level Annotations

Branches:
Dungeon (5/15)
 Temple: D:4-7

Altars:
Cheibriados
Okawaru

Shops:
D:2 *

Annotations:
D:4 2 transporters


Innate Abilities, Weirdness & Mutations

You cannot be hasted, slowed, berserked, paralysed or teleported.
You can dig through walls and to a lower floor.
You have a pair of large antennae on your head. (SInv)
Your four strong arms can wield two-handed weapons with a shield.


Message History

The magic dart hits you. The orc wizard casts a spell at you.
You are confused.
You bump into the rock wall.
The water moccasin bites you!
You are poisoned.
The water moccasin poisons you! The water moccasin misses you.
You bump into the rock wall.
You feel sick. The water moccasin barely misses you.
You miss the water moccasin.
You feel sick. The water moccasin bites you!
It was a potion of degeneration.
There was something very wrong with that liquid.
You feel weakened.
You feel dopey.
You feel clumsy.
You feel sick. The water moccasin closely misses you.
The water moccasin barely misses you.
It was a potion of curing.
You feel better.
The orc wizard mumbles some strange words.
The orc wizard flickers and vanishes for a moment.
The water moccasin bites you but does no damage.
The water moccasin attacks as you move away!
The water moccasin bites you!
An orc comes into view. It is wielding a +0 hand axe.
The orc shouts!
The black bear bites you but does no damage.
The black bear barely misses you. The black bear misses you.
The water moccasin bites you.
You are poisoned.
The water moccasin poisons you! The black bear bites you.
The black bear closely misses you. x2; The water moccasin bites you.
* * * LOW HITPOINT WARNING * * *
You are more poisoned.
The water moccasin poisons you!
There is a stone staircase leading up here.
* * * LOW HITPOINT WARNING * * *
You feel very sick.
The black bear bites you but does no damage.
The black bear misses you. The black bear barely misses you.
The water moccasin closely misses you.
You climb upwards.
Level annotation: 2 transporters You die...

.#...#........(.....#..........#
$#..................#......>...#
©#©.................#..........#
$#.........[....)...#..........#
.####...##..(..................#
. #....##.................)...#
###....##.....................#
##.............So...#..........#
.......###......@h..#..........#
.......# #########.............#
.......### #####..########
.........####### ##...#
......##.......########†..###
.....<########..............#
>.....# #########......# #######
#......# ########


You could see a water moccasin, a black bear and an orc.

Vanquished Creatures
  2 ogres (D:4)
  An orc priest (D:4)
  A hound (D:4)
  An iguana (D:4)
  An orc wizard (D:4)
  Natasha (thrice) (D:3)
  Robin (D:3)
  3 gnolls (D:2)
  2 adders
  A worm (D:3)
  A dart slug (D:4)
  15 orcs
  5 endoplasms
  5 giant cockroaches
  13 goblins
  7 hobgoblins
  7 kobolds
  A quokka (D:2)
  7 ball pythons
  4 bats
  3 frilled lizards
  4 rats (D:2)
88 creatures vanquished.

Notes
Turn   | Place    | Note
-------+----------+-------------------------------------------
     0 | D:1      | arthad the Formicid Earth Elementalist began the quest for
                  | the Orb.
     0 | D:1      | Reached XP level 1. HP: 13/13 MP: 3/3
   137 | D:1      | Reached XP level 2. HP: 8/19 MP: 0/5
   353 | D:1      | Found a faded altar of an unknown god.
   356 | D:1      | Prayed at the altar of an unknown god.
   356 | D:1      | Became a worshipper of Cheibriados the Contemplative
   356 | D:1      | Reached * piety under Cheibriados
   782 | D:2      | Reached XP level 3. HP: 24/24 MP: 4/6
   890 | D:2      | Found Wiocot's Assorted Antiques.
   892 | D:2      | Reached skill level 4 in Earth Magic
   937 | D:2      | You fall into a shaft and drop 1 floor!
   960 | D:3      | Learned a level 3 spell: Stone Arrow
  1016 | D:3      | Noticed Natasha
  1022 | D:3      | Killed Natasha
  1022 | D:3      | Reached ** piety under Cheibriados
  1023 | D:3      | Reached skill level 1 in Conjurations
  1023 | D:3      | Reached XP level 4. HP: 30/30 MP: 2/8
  1246 | D:2      | Reached skill level 1 in Invocations
  1282 | D:2      | Reached XP level 5. HP: 33/35 MP: 4/9
  1448 | D:2      | Bought 2 scrolls labelled VABROM TUAL YFE for 36 gold
                  | pieces
  1448 | D:2      | Bought a scroll labelled SUNEF HOORU for 18 gold pieces
  1448 | D:2      | Bought a sedimented orange potion for 16 gold pieces
  1448 | D:2      | Bought a scroll labelled OXURCH PYUDWYM for 18 gold pieces
  1448 | D:2      | Bought a scroll labelled NARIANI CI DAE for 18 gold pieces
  1448 | D:2      | Bought a pink potion for 16 gold pieces
  1458 | D:3      | Noticed Robin
  1717 | D:3      | Noticed Natasha
  1720 | D:3      | Killed Natasha
  1836 | D:3      | Killed Robin
  1840 | D:3      | Reached *** piety under Cheibriados
  2066 | D:3      | Noticed Natasha
  2131 | D:3      | Killed Natasha
  2132 | D:3      | Reached XP level 6. HP: 8/41 MP: 6/10
  2286 | D:4      | Found a transporter.
  2365 | D:4      | Noticed an ogre
  2370 | D:4      | Killed an ogre
  2371 | D:4      | Reached skill level 5 in Earth Magic
  2392 | D:4      | Reached XP level 7. HP: 19/46 MP: 6/12
  2613 | D:4      | Found a transporter.
  2780 | D:4      | Found an iron altar of Okawaru.
  2919 | D:2      | Bought a twisted robe for 102 gold pieces
  2919 | D:2      | Identified the +1 robe "Raffiecwi" {Slay+3 Archmagi} (You
                  | bought it in a shop on level 2 of the Dungeon)
  2977 | D:5      | Entered Level 5 of the Dungeon
  2977 | D:5      | Noticed a water moccasin
  2991 | D:4      | Succumbed to a water moccasin's poison

Illustrated notes

Levels and vault maps discovered:
D:1:      amcnicky_arrival_choice, layout_rooms,
          shapermc_ecumenical_altar_mp_vishouse, nrook_mini_backslash,
          st_stairs_5, dk_noncrumbling_3
D:2:      layout_rooms, serial_shops, nicolae_shop_overgrown_old_shop,
          kennysheep_generic_room_5
D:3:      layout_rooms, uniq_natasha, uniq_robin
D:4:      gammafunk_cloud_chamber, layout_rooms, overflow_temple_1_default
D:5:      layout_loops_ring, kennysheep_slug_shrine,
          minmay_temple_entry_enclosed_plants, minmay_shop_damaged

Skill      XL: |  1  2  3  4  5  6 |
---------------+-------------------+-----
Earth Magic    | 4 5 |  5.4
Dodging        | 2 |  2.5
Conjurations   | 1 2 |  2.8
Invocations    | 1 2 |  2.3
Stealth        | 3 |  3.7
Spellcasting   | 3 |  3.9
Transmutations | 2 |  2.5

Action                   |  1- 3 |  4- 6 |  7- 9 || total
-------------------------+-------+-------+-------++-------
Melee: Unarmed           |     9 |     3 |     1 ||    13
       Punch             |     1 |       |       ||     1
 Cast: Sandblast         |    39 |    71 |    22 ||   132
  Use: Scroll            |       |     2 |       ||     2
       Potion            |       |       |     2 ||     2
Armor: Robe              |     3 |     4 |     3 ||    10
Dodge: Dodged            |    14 |    23 |    17 ||    54

Table legend: (Time is in decaauts)
 A = Elapsed time spent in this place.
 B = Non-inter-level travel time spent in this place.
 C = Inter-level travel time spent in this place.
 D = Time resting spent in this place.
 E = Time spent auto-exploring this place.
 F = Levels seen in this place.
 G = Mean time per level.
                   A        B        C        D        E       F      G
               +--------+--------+--------+--------+--------+-----+--------+
         Total |   3844 |   3487 |    357 |    383 |   2238 |   5 |  768.8 |
       Dungeon |   3844 |   3487 |    357 |    383 |   2238 |   5 |  768.8 |
               +--------+--------+--------+--------+--------+-----+--------+

Top non-repeatable levels by time:
     D:3: 1072 daAuts
     D:2: 990 daAuts
     D:1: 903 daAuts
     D:4: 859 daAuts
     D:5: 18 daAuts
